 Dungeon Crawl Stone Soup version 0.28.0-43-g3370ac3207 (webtiles) character file.

Game seed: 14106485187118368543

46 demenzo the Skirmisher (level 3, 0/29 HPs)
             Began as a Mummy Cinder Acolyte on Mar 26, 2022.
             Was a High Priest of Ignis.
             Slain by a kobold
             ... wielding a +0 short sword
              (3 damage)
             ... on level 2 of the Dungeon.
             The game lasted 00:03:08 (2128 turns).

demenzo the Skirmisher (Mummy Cinder Acolyte)       Turns: 2128, Time: 00:03:09

Health: 0/29       AC:  3    Str: 17    XL:     3   Next: 44%
Magic:  4/6        EV: 11    Int: 15    God:    Ignis [*****.]
Gold:   21         SH:  0    Dex:  7    Spells: 4/6 levels left

rFire   . . .      SeeInvis .   a - -1 mace (flame)
rCold   + . .      Faith    .   (no shield)
rNeg    + + +      Spirit   .   d - +0 leather armour
rPois   ∞          Reflect  .   (no helmet)
rElec   .          Harm     .   (no cloak)
rCorr   .          Rampage  .   (no gloves)
Will    .....                   (no boots)
Stlth   +.........              (no amulet)
HPRegen 0.09/turn               (no ring)
MPRegen 0.10/turn               (no ring)

@: very slightly contaminated
A: cold resistance 1, negative energy resistance 3, torment resistance 2, heat
vulnerability 1, no potions
a: Renounce Religion, Fiery Armour, Foxfire Swarm, Rising Flame


You were on level 2 of the Dungeon.
You worshipped Ignis.
Ignis was extremely pleased with you.
You visited 1 branch of the dungeon, and saw 2 of its levels.

You collected 21 gold pieces.

Inventory:

Hand Weapons
 a - a -1 mace of flaming (weapon)
Missiles
 c - 26 stones (quivered)
Armour
 b - a +0 robe
 d - a +0 leather armour (worn)
 h - a +0 plate armour
Jewellery
 i - an amulet of magic regeneration
Scrolls
 e - 3 scrolls of identify {unknown}
 f - a scroll of fear {unknown}
 g - 2 scrolls of enchant armour {unknown}
 j - a scroll of teleportation {unknown}


   Skills:
 + Level 3.3 Fighting
 * Level 3.0 Maces & Flails
 + Level 2.2 Spellcasting
 + Level 2.7 Fire Magic


You had 4 spell levels left.
You knew the following spells:

 Your Spells              Type           Power      Damage    Failure   Level
a - Scorch                Fire           18%        2d6       13%         2

Your spell library contained the following spells:

 Spells                   Type           Power      Damage    Failure   Level


Dungeon Overview and Level Annotations

Branches:
Dungeon (2/15)

Altars:


Innate Abilities, Weirdness & Mutations

You are immune to poison.
Your flesh is cold resistant. (rC+)
You are immune to negative energy. (rN+++)
You are immune to unholy pain and torment.
You are vulnerable to heat. (rF-)
You do not drink.


Message History

The kobold misses you. The kobold closely misses you.
You hit the kobold. You burn the kobold.
You kill the kobold!
The kobold hits you with a +0 whip. The kobold misses you.
The kobold closely misses you. The kobold barely misses you.
The kobold hits you with a +0 club.
You hit the kobold but do no damage. The kobold closely misses you.
The kobold hits you but does no damage. The kobold barely misses you.
You closely miss the kobold. The kobold hits you with a +0 club.
The kobold hits you but does no damage.
The kobold hits you with a +0 short sword.
The kobold hits you but does no damage.
The kobold hits you with a +0 short sword.
Unknown command.
You barely miss the kobold. Your punch misses the kobold.
The kobold hits you but does no damage. The kobold closely misses you.
The kobold hits you but does no damage. The kobold closely misses you.
The kobold hits you with a +0 short sword.
The kobold closely misses you. The kobold barely misses you.
The kobold hits you but does no damage.
You closely miss the kobold. The kobold hits you but does no damage.
You sock the kobold! You burn the kobold.
You kill the kobold!
The kobold hits you with a +0 short sword.
* * * LOW HITPOINT WARNING * * *
You barely miss the kobold.
The kobold hits you with a +0 short sword.
* * * LOW HITPOINT WARNING * * *
You hit the kobold. You burn the kobold.
The kobold is severely wounded.
The kobold hits you with a +0 short sword.
* * * LOW HITPOINT WARNING * * *
Casting: Scorch (safe; 13% risk of failure)
Confirm with . or Enter, or press ? or * to list all spells.
You miscast Scorch.
You are very lightly contaminated with residual magic.
Nothing appears to happen.
The kobold hits you with a +0 short sword.
You die...

.#.##.#.........!............#
.#.##...###..####............#
.............###..#..........#
..............#.............##
.................##........##
...............#####....####
#####..........# #..###
#######...K######..## ####
##.KKK@.......# ..$..
#..K########## ......##..##
......)'..# .......'..#
#..$...'.## #.....##.# #....#
### #####


You could see 5 kobolds.

Vanquished Creatures
  A dart slug (D:1)
  4 endoplasms
  2 goblins
  4 hobgoblins
  6 jackals
  A quokka (D:1)
  3 ball pythons (D:1)
  7 bats
  4 frilled lizards
  4 kobolds
  5 rats
41 creatures vanquished.

Vanquished Creatures (others)
  A plant (D:1)
  10 toadstools (D:2)
11 creatures vanquished.

Grand Total: 52 creatures vanquished

Notes
Turn   | Place    | Note
-------+----------+-------------------------------------------
     0 | D:1      | demenzo the Mummy Cinder Acolyte began the quest for the
                  | Orb.
     0 | D:1      | Reached XP level 1. HP: 18/18 MP: 2/2
   320 | D:1      | Reached XP level 2. HP: 24/24 MP: 4/4
   392 | D:1      | Learned a level 2 spell: Scorch
  1407 | D:1      | Reached XP level 3. HP: 6/29 MP: 2/6
  2128 | D:2      | Slain by a kobold

Illustrated notes

Levels and vault maps discovered:
D:1:      roderic_crop_circles_arrival_small, layout_loops_cross, serial_bayou,
          serial_bayou_lake_a, serial_bayou_crossing, serial_bayou_shore_b,
          serial_bayou_ford_a, serial_bayou_lagoon_b, minmay_strange_pillars
D:2:      cheibrodos_fertilizer, layout_rooms, st_stairs_13

Skill      XL: |  1  2  3 |
---------------+----------+-----
Spellcasting   | 2 |  2.2
Maces & Flails | 3 |  3.0
Fighting       | |  3.3
Fire Magic     | |  2.7

Action                   || total
-------------------------++-------
Melee: Mace              ||   146
       Punch             ||     1
 Cast: Scorch            ||     9
Armor: Robe              ||    10
       Leather armour    ||    58
Dodge: Dodged            ||   148
